 Dungeon Crawl Stone Soup version 0.20.1-1-g8b1a95d (webtiles) character file.

19 MovingMist the Distorting Demonspawn (level 2, -3/24 HPs)
             Began as a Demonspawn Abyssal Knight on Nov 19, 2017.
             Was a Believer of Lugonu.
             Slain by a gnoll
             ... wielding a +0 flail
              (6 damage)
             ... on level 1 of the Dungeon.
             The game lasted 00:02:28 (755 turns).

MovingMist the Distorting Demonspawn (DsAK)          Turns: 755, Time: 00:02:29

Health: -3/24      AC:  8    Str: 12    XL:     2   Next: 55%
Magic:  4/4        EV:  5    Int: 13    God:    Lugonu [**....]
Gold:   86         SH:  0    Dex: 12    Spells: 1/1 levels left

rFire    . . .     SeeInvis .   a - +1 mace
rCold    . . .     Gourm    .   (no shield)
rNeg     . . .     Faith    .   f - +0 chain mail
rPois    .         Spirit   .   (no helmet)
rElec    .         Reflect  .   (no cloak)
rCorr    .         Harm     .   (no gloves)
MR       .....                  (no boots)
Stlth    ..........             (no amulet)
Regen    0.1/turn               (no ring)
MPRegen  0.1/turn               (no ring)

@: no status effects
A: powered by death 1
a: Depart the Abyss, Bend Space, Renounce Religion


You were on level 1 of the Dungeon.
You worshipped Lugonu.
Lugonu was pleased with you.
You were not hungry.

You visited 1 branch of the dungeon, and saw 2 of its levels.
You visited the Abyss 1 time.

You collected 86 gold pieces.

Inventory:

Hand Weapons
 a - a +1 mace (weapon)
Missiles
 e - a throwing net (quivered)
Armour
 f - a +0 chain mail (worn)
Scrolls
 g - a scroll of identify {unknown}
 h - 2 scrolls of remove curse {unknown}
 k - a scroll of recharging {unknown}
Potions
 b - a potion of lignification {unknown}
 i - a potion of degeneration {unknown}
 j - a potion of heal wounds {unknown}
Comestibles
 c - a bread ration
 d - a meat ration
 l - a chunk of flesh


   Skills:
 + Level 3.0 Fighting
 + Level 1.9 Maces & Flails
 - Level 1.7 Armour
 + Level 1.4 Dodging
 * Level 3.4 Invocations


You had one spell level left.
You didn't know any spells.

Dungeon Overview and Level Annotations

Branches:
Dungeon (2/15)

Altars:


Innate Abilities, Weirdness & Mutations

You regenerate a little health from kills.


Message History

The gnoll is heavily wounded.
The gnoll barely misses you.
You closely miss the gnoll.
The gnoll is heavily wounded.
The gnoll hits you with a flail.
* * * LOW HITPOINT WARNING * * *
Your chain mail prevents you from hitting the gnoll.
The gnoll is heavily wounded.
The gnoll barely misses you.
Your chain mail prevents you from hitting the gnoll.
The gnoll is heavily wounded.
The gnoll barely misses you.
You hit the gnoll.
The gnoll is almost dead.
The gnoll barely misses you. The gnoll hits you with a flail.
* * * LOW HITPOINT WARNING * * *
Your chain mail prevents you from hitting the gnoll.
The gnoll is almost dead.
The gnoll hits you with a flail.
You die... ♣♣PPPP

#♣P..P♣ ######### ##♣♣PP.♣♣#
#.......# #.♣♣P..P♣♣ #.......#
##.♣♣.P..P♣♣♣ #.......#
######.♣.P♣.....♣. #.......#
#.....♣♣..)P♣♣♣♣.. #.......#
#.....♣..P♣♣# ♣♣. #.....(.#
#@....♣...P♣###♣.♣ #.......#
###g....♣♣♣♣♣♣......
#.......####♣.♣......♣♣♣♣#######
#.....................##..#
###.........♣.♣.......###.######
####........##.#................#
..(.........#♣.♣...##..#.........
.######.##...#...[...............
...####.##...♣.♣..##....##.......


You could see a gnoll.

Vanquished Creatures
  A leopard gecko (D:1)
  A giant cockroach (D:1)
  3 goblins (D:1)
  2 hobgoblins (D:1)
  A ball python (D:1)
  4 frilled lizards (D:1)
  2 kobolds (D:1)
  6 rats
20 creatures vanquished.

Notes
Turn   | Place    | Note
-------+----------+-------------------------------------------
     0 | Abyss:1  | MovingMist the Demonspawn Abyssal Knight began the quest for the Orb.
     0 | Abyss:1  | Reached XP level 1. HP: 18/18 MP: 2/2
     8 | Abyss:1  | Found a corrupted altar of Lugonu.
    78 | D:1      | Escaped the Abyss
   149 | D:1      | Reached skill level 1 in Dodging
   251 | D:1      | Gained mutation: You regenerate a little health from kills. [demonic ancestry]
   251 | D:1      | Reached XP level 2. HP: 24/24 MP: 2/4
   463 | D:1      | Reached ** piety under Lugonu
   755 | D:1      | Slain by a gnoll

Skill      XL: |  1 |
---------------+----+-----
Dodging        | 1 |  1.4
Invocations    | 3 |  3.4
Fighting       | |  3.0
Maces & Flails | |  1.9
Armour         | |  1.7

Action                   || total
-------------------------++-------
Melee: Mace              ||    60
Armor: Chain mail        ||    31
Dodge: Dodged            ||    19
